 Dungeon Crawl Stone Soup version 0.31-a0-489-g282fc92437 (webtiles) character file.

Game seed: 17211756379585714033

5550 Grim the Severer (level 10, -3/142 HPs)
             Began as a Minotaur Fighter on Aug 8, 2023.
             Was an Elder of Okawaru.
             Slain by a yak (6 damage)
             ... on level 9 of the Dungeon.
             The game lasted 00:13:08 (8415 turns).

Grim the Severer (Minotaur Fighter)                 Turns: 8415, Time: 00:13:09

Health: -3/142     AC:  9    Str: 26    XL:     10   Next: 44%
Magic:  0/9        EV:  2    Int:  5    God:    Okawaru [****..]
Gold:   576        SH:  0    Dex:  9    Spells: 9/9 levels left

rFire   + . .        a - +3 battleaxe
rCold   . . .        (shield currently unavailable)
rNeg    . . .        E - melded +18 Lear's hauberk
rPois   +            (helmet currently unavailable)
rElec   .            (cloak currently unavailable)
rCorr   .            (gloves currently unavailable)
SInv    .            (boots currently unavailable)
Will    .....        m - amulet of guardian spirit
Stlth   +            F - ring of protection from fire
HPRegen 0.43/turn    (no ring)
MPRegen 0.11/turn

%: guardian spirit
@: tree-form, corroded
A: stationary, stasis, torment immunity, boosted hp, (horns 2), (retaliatory
headbutt), (cold resistance 1), (sturdy frame 1)
a: Renounce Religion, Heroism, Finesse


You were on level 9 of the Dungeon.
You worshipped Okawaru.
Okawaru was greatly pleased with you.
You were a tree.
You visited 2 branches of the dungeon, and saw 10 of its levels.

You collected 576 gold pieces.

Inventory:

Hand Weapons
 a - a +3 battleaxe (weapon)
Missiles
 h - 3 throwing nets
Armour
 c - a +0 pair of boots
 E - the +18 Lear's hauberk (melded)
   (You found it on level 6 of the Dungeon)
Jewellery
 m - an amulet of guardian spirit (around neck)
 F - a ring of protection from fire (left branch)
 H - a ring of magical power
 I - an amulet of magic regeneration
Wands
 b - a wand of polymorph (20)
 v - a wand of mindburst (18)
 A - a wand of flame (27)
Scrolls
 e - 3 scrolls of poison
 f - 2 scrolls of teleportation {unknown}
 g - a scroll of enchant armour {unknown}
 i - 2 scrolls of torment {unknown}
 k - 3 scrolls of blinking {unknown}
 n - a scroll of immolation {unknown}
 w - a scroll of identify
 y - a scroll of noise {unknown}
 z - a scroll of fog {unknown}
 B - 2 scrolls of vulnerability {unknown}
 D - 2 scrolls of enchant weapon {unknown}
Potions
 d - a potion of magic {unknown}
 j - a potion of cancellation
 l - a potion of mutation {!q}
 o - 3 potions of curing
 p - 2 potions of resistance
 q - 2 potions of degeneration {unknown}
 r - 2 potions of heal wounds {unknown}
 s - 2 potions of invisibility {unknown}
 t - a potion of lignification
 u - a potion of haste {unknown}
 x - 3 potions of might
 C - a potion of enlightenment {unknown}
 G - a potion of berserk rage {unknown}


   Skills:
 - Level 11.0 Fighting
 + Level 15.2 Axes
 + Level 4.6 Armour
 - Level 3.6 Shields


You had 9 spell levels left.
You didn't know any spells.
Your spell library contained the following spells:

 Spells                   Type           Power      Damage    Failure   Level
 Freeze                   Ice            0%         1d3       47%         1
 Frozen Ramparts          Ice            0%         1d1       85%         3
 Hailstorm                Conj/Ice       0%         3d3       85%         3
 Summon Ice Beast         Ice/Summ       Unusable   N/A       N/A         4
 Simulacrum               Ice/Necr       Unusable   N/A       N/A         6

Dungeon Overview and Level Annotations

Branches:
Dungeon (9/15)             Temple (1/1) D:6            Lair (0/5) D:8
    Orc (0/2) D:9

Altars:
Ashenzari
Cheibriados
Dithmenos
Elyvilon
Fedhas
Gozag
Hepliaklqana
Kikubaaqudgha
Makhleb
Okawaru
Qazlal
Ru
Sif Muna
Uskayaw
Vehumet
Wu Jian
Xom
Yredelemnul
Zin
The Shining One

Annotations:
D:3 2 transporters, Ethylacetat's ghost, amateur OpSh
D:8 exclusion: ice statue


Innate Abilities, Weirdness & Mutations

You are a tree.
Your roots penetrate the ground, keeping you stationary.
You cannot be teleported.
You are immune to unholy pain and torment.
Your maximum health is greatly increased.
Your equipment is partially melded.
((You have a pair of horns on your head.))
((You reflexively headbutt those who attack you in melee.))
((Your flesh is cold resistant. (rC+)))
((Your movements are slightly less encumbered by armour. (ER -2)))


Message History

The yak gores you!
* * * LOW HITPOINT WARNING * * *
The yak closely misses you.
The yak gores you but does no damage. x2
You hit the yak but do no damage. You headbutt the yak, but do no damage.
The yak is severely wounded.
You slash the yak! You hit the yak but do no damage. x2
The yak completely misses you. You furiously retaliate!
You headbutt the yak, but do no damage. The yak gores you.
* * * LOW HITPOINT WARNING * * *
The yak barely misses you. You furiously retaliate!
You headbutt the yak, but do no damage. The yak gores you.
* * * LOW HITPOINT WARNING * * *
You hit the yak but do no damage.
The yak is severely wounded.
You slash the yak! x2
You kill the yak!
Okawaru accepts your kill.
You hit the yak but do no damage. The yak gores you but does no damage.
The yak barely misses you. The yak gores you!
* * * LOW HITPOINT WARNING * * *
Okay, then.
Okay, then.
You feel better. The yak closely misses you. You furiously retaliate!
You headbutt the yak. The yak gores you!
* * * LOW HITPOINT WARNING * * *
The yak gores you.
* * * LOW HITPOINT WARNING * * *
You turn into a tree.
The +18 Lear's hauberk melds into your body.
Your roots penetrate the ground.
The yak gores you.
* * * LOW HITPOINT WARNING * * *
The yak gores you.
* * * LOW HITPOINT WARNING * * *
The yak gores you!
* * * LOW HITPOINT WARNING * * *
It was a potion of mutation.
You feel extremely strange.
You feel resistant to cold.
You feel less encumbered by your armour.
The yak gores you!
You die...

..# ..# ..# ..# .
..###.. .......
######+##Y...../
#.......♣)......
######.......YY..###.
#....#...........#
####....#..###......#
........#..###......#
........#...........#
..#######...........#
..#.......######....#
>.#..###..# #....#


You could see 3 yaks.

Vanquished Creatures
  A two-headed ogre (D:9)
  A cyclops (D:7)
  A kobold demonologist (D:9)
  A komodo dragon (D:8)
  Grinder (D:4)
  7 yaks
  3 steam dragons
  An acid dragon (D:9)
  2 orc warriors
  2 ice beasts (D:8)
  A black bear (D:8)
  A centaur (D:7)
  3 ogres (D:6)
  A phantom (D:5)
  A kobold brigand (D:7)
  5 bullfrogs
  3 scorpions
  7 wights
  A howler monkey (D:9)
  A lava snake (D:8)
  2 hounds
  2 jellies
  A sleepcap (D:7)
  An iguana (D:4)
  3 orc wizards
  7 gnolls
  4 adders
  2 shadow imps (D:6)
  6 white imps
  A worm (D:2)
  2 dart slugs
  23 orcs
  3 ball pythons
  6 bats
  8 endoplasms
  2 giant cockroaches
  9 goblins
  10 hobgoblins
  5 jackals
  A quokka (D:3)
  A frilled lizard (D:1)
  12 kobolds
  5 rats
160 creatures vanquished.

Notes
Turn   | Place    | Note
-------+----------+-------------------------------------------
     0 | D:1      | Grim the Minotaur Fighter began the quest for the Orb.
     0 | D:1      | Reached XP level 1. HP: 19/19 MP: 0/0
    33 | D:1      | Reached skill level 3 in Axes
   112 | D:1      | Reached XP level 2. HP: 23/26 MP: 1/1
   136 | D:1      | Found a faded altar of an unknown god.
   164 | D:1      | Reached skill level 4 in Axes
   259 | D:1      | Reached XP level 3. HP: 17/31 MP: 2/2
  1260 | D:2      | Found a sacrificial altar of Ru.
  1381 | D:2      | Reached skill level 5 in Axes
  1578 | D:3      | Reached XP level 4. HP: 38/39 MP: 3/3
  1586 | D:3      | Found a transporter.
  1590 | D:3      | Found a transporter.
  1590 | D:3      | Noticed Ethylacetat's ghost (amateur OpSh)
  2520 | D:4      | Noticed a scorpion
  2532 | D:4      | Killed a scorpion
  2533 | D:4      | Reached skill level 6 in Axes
  2533 | D:4      | Reached XP level 5. HP: 32/45 MP: 2/4
  2653 | D:4      | Noticed Grinder
  2658 | D:4      | Paralysed by Grinder for 4 turns
  2668 | D:4      | Killed Grinder
  2669 | D:4      | Reached skill level 8 in Axes
  2669 | D:4      | Reached XP level 6. HP: 8/51 MP: 0/5
  3178 | D:4      | Found a white marble altar of Elyvilon.
  3438 | D:5      | Entered Level 5 of the Dungeon
  3588 | D:5      | Reached skill level 9 in Axes
  3588 | D:5      | Reached XP level 7. HP: 48/57 MP: 4/6
  3646 | D:5      | Found a hide-covered altar of Uskayaw.
  4213 | D:5      | Reached skill level 10 in Axes
  4360 | D:5      | Noticed a +0 dagger
  4361 | D:5      | Noticed a +0 dagger
  4622 | D:6      | Found a staircase to the Ecumenical Temple.
  4646 | D:6      | Reached skill level 11 in Axes
  4696 | Temple   | Entered the Ecumenical Temple
  4710 | Temple   | Became a worshipper of Warmaster Okawaru
  4756 | D:6      | Reached XP level 8. HP: 63/66 MP: 7/7
  5140 | D:6      | Identified the +4 dagger of Ideroidi {pain, rF+ Int+2}
  5248 | D:6      | Reached skill level 5 in Fighting
  5359 | D:6      | Found the +18 Lear's hauberk
  5535 | D:6      | Reached * piety under Okawaru
  5897 | D:7      | Reached skill level 12 in Axes
  6375 | D:7      | Noticed a cyclops
  6391 | D:7      | Killed a cyclops
  6392 | D:7      | Reached XP level 9. HP: 76/79 MP: 8/8
  6618 | D:7      | Reached ** piety under Okawaru
  6686 | D:7      | Reached skill level 13 in Axes
  7253 | D:8      | Noticed a komodo dragon
  7273 | D:8      | Killed a komodo dragon
  7273 | D:8      | Reached *** piety under Okawaru
  7274 | D:8      | Reached skill level 14 in Axes
  7427 | D:8      | Reached skill level 10 in Fighting
  7514 | D:8      | Found a staircase to the Lair.
  7520 | D:8      | Reached XP level 10. HP: 85/93 MP: 9/9
  7756 | D:8      | Noticed an ice statue
  8141 | D:9      | Noticed a two-headed ogre
  8151 | D:9      | Killed a two-headed ogre
  8151 | D:9      | Reached **** piety under Okawaru
  8229 | D:9      | Found a staircase to the Orcish Mines.
  8393 | D:9      | Noticed a rust devil
  8404 | D:9      | Reached skill level 15 in Axes
  8414 | D:9      | HP: 2/142 [yak (13)]
  8415 | D:9      | Gained mutation: Your flesh is cold resistant. (rC+)
                  | [potion of mutation]
  8415 | D:9      | Gained mutation: Your movements are slightly less
                  | encumbered by armour. (ER -2) [potion of mutation]
  8415 | D:9      | Slain by a yak

Illustrated notes

Levels and vault maps discovered:
D:1:      dpeg_arrival_morbid_curiosity, layout_basic,
          hellmonk_ecumenical_altar_leap_of_faith, kennysheep_decorative_pillar,
          minmay_pentomino_t2
D:2:      layout_basic, basic_altar, chequers_serial_rivers_small_3
D:3:      layout_basic, gammafunk_ghost_arena
D:4:      layout_loops_cross, elyvilon_altar_4, uniq_grinder
D:5:      layout_rooms, dancing_weapons_uskayaw
D:6:      layout_loops_ring, minmay_temple_entry_statues_fountains,
          dreamdust_wishing_well, grunt_decor_one_mirror, grunt_decor_clamped,
          grunt_ministairs_1
D:7:      layout_loops_corners
D:8:      cheibrodos_frozen_isle, layout_basic, grunt_lair_entry_orc_guard_hut,
          grunt_decor_junction, minmay_misc_feat_rows
D:9:      layout_stronghold, orc_0_dummy
Temple:   dpeg_three_leaves_temple

Skill      XL: |  1  2  3  4  5  6  7  8  9 10 |
---------------+-------------------------------+-----
Axes           | 3 4 5 6 8 9 11 12 14 15 | 15.2
Fighting       | 7 10 11 | 11.0
Armour         | 4 |  4.6
Shields        | |  3.6

Action                     |  1- 3 |  4- 6 |  7- 9 | 10-12 || total
---------------------------+-------+-------+-------+-------++-------
  Melee: War axe           |    89 |   112 |   123 |       ||   324
         Headbutt          |    14 |     8 |    34 |    13 ||    69
         Battleaxe         |       |       |    88 |    45 ||   133
    Use: Potion            |       |     1 |     1 |     3 ||     5
         Scroll            |       |     5 |       |       ||     5
 Armour: Scale mail        |    32 |    45 |    25 |       ||   102
         Chain mail        |       |       |    73 |    39 ||   112
  Dodge: Dodged            |    46 |    39 |    74 |    29 ||   188
  Block: Buckler           |    22 |    15 |    32 |       ||    69

Table legend: (Time is in decaauts)
 A = Elapsed time spent in this place.
 B = Non-inter-level travel time spent in this place.
 C = Inter-level travel time spent in this place.
 D = Time resting spent in this place.
 E = Time spent auto-exploring this place.
 F = Levels seen in this place.
 G = Mean time per level.
                   A        B        C        D        E       F      G
               +--------+--------+--------+--------+--------+-----+--------+
         Total |   8467 |   8153 |    314 |   1646 |   5181 |  10 |  846.7 |
       Dungeon |   8440 |   8126 |    314 |   1646 |   5181 |   9 |  937.8 |
        Temple |     26 |     26 |      0 |      0 |      0 |   1 |   26.0 |
               +--------+--------+--------+--------+--------+-----+--------+

Top non-repeatable levels by time:
     D:4: 1493 daAuts
     D:7: 1268 daAuts
     D:6: 1146 daAuts
     D:1: 1077 daAuts
     D:8: 1065 daAuts
     D:3: 872 daAuts
     D:5: 708 daAuts
     D:2: 518 daAuts
     D:9: 290 daAuts
  Temple: 26 daAuts
